 Dungeon Crawl Stone Soup version 0.17-b1-36-g7b1967c (webtiles) character file.

49 fotsohgehT the Firebug (level 3, 0/19 HPs)
             Began as a Tengu Fire Elementalist on Nov 6, 2015.
             Slain by a bat (1 damage)
             ... on level 2 of the Dungeon.
             The game lasted 00:08:35 (1596 turns).

fotsohgehT the Firebug (Tengu Fire Elementalist)    Turns: 1596, Time: 00:08:35

Health: 0/19       AC:  2    Str:  8    XL:     3   Next: 75%
Magic:  1/8        EV: 12    Int: 16    God:
Gold:   126        SH:  0    Dex: 14    Spells: 1 memorised, 6 levels left

rFire  . . .     SeeInvis .     m - +0 dagger
rCold  . . .     Clarity  .     a - +0 robe
rNeg   . . .     SustAt   .     (no shield)
rPois  .         Gourm    .     (helmet restricted)
rElec  .         Spirit   .     (no cloak)
rCorr  .         Warding  .     (no gloves)
rMut   .         Stasis   .     (boots unavailable)
MR     .....                    (no amulet)
Stlth  ++........               (no ring)
                                (no ring)

@: very slightly contaminated, not resistant to hostile enchantments, unstealthy
A: beak, talons 3
a: no special abilities


You were on level 2 of the Dungeon.
You were hungry.

You visited 1 branch of the dungeon, and saw 2 of its levels.

You collected 126 gold pieces.

Inventory:

Hand Weapons
 m - a +0 dagger (weapon)
Armour
 a - a +0 robe (worn)
Scrolls
 d - a scroll of noise {unknown}
 e - 3 scrolls of identify {unknown}
 f - a scroll of magic mapping {unknown}
 g - a scroll of teleportation {unknown}
 h - a scroll of remove curse {unknown}
 l - 2 scrolls of amnesia {unknown}
 o - a scroll of fear {unknown}
 q - 2 scrolls of recharging {unknown}
Potions
 j - a potion of mutation {unknown}
 k - a potion of heal wounds {unknown}
 n - 2 potions of degeneration {unknown}
Books
 b - a book of Flames

   Spells                             Type                      Level
   a - Flame Tongue                   Conjuration/Fire             1
   b - Throw Flame                    Conjuration/Fire             2
   c - Conjure Flame                  Conjuration/Fire             3
   d - Inner Flame                    Hexes/Fire                   3
   e - Sticky Flame                   Conjuration/Fire             4
   f - Fireball                       Conjuration/Fire             5
Comestibles
 c - 3 bread rations
 i - a beef jerky


   Skills:
 - Level 2.1 Dodging
 - Level 2.0 Stealth
 + Level 2.6 Spellcasting
 + Level 3.0 Conjurations
 + Level 3.8 Fire Magic


You had 6 spell levels left.
You knew the following spells:

 Your Spells              Type           Power        Failure   Level  Hunger
a - Flame Tongue          Conj/Fire      ##...        6%          1    #......


Dungeon Overview and Level Annotations

Branches:
Dungeon (2/15)

Altars:
Ashenzari


Innate Abilities, Weirdness & Mutations

You have a beak for a mouth.
You have claws for feet.


Message History

A bat comes into view.
The bat moves out of view.
The rat misses you.
Casting: Flame Tongue
Confirm with . or Enter, or press ? or * to list all spells.
Aiming: Flame Tongue
Press: ? - help, Shift-Dir - straight line, f/p - rat
Aim: a rat (severely wounded)
The flame tongue hits the rat.
You kill the rat!
Your Conjurations skill increases to level 3!
The bat hits you but does no damage.
Found a stone staircase leading down.
The bat hits you but does no damage. The bat closely misses you.
The bat misses you. The bat hits you.
* * * LOW HITPOINT WARNING * * *
The bat barely misses you. The bat completely misses you.
The bat closely misses you. The bat hits you.
You die...

.......(........## ####
....!###.........####....
########)............#..#
##....).....######.....
#.............#####..##
#.†............(....#.. #
#.........#.##<........
#.#.................#.#.#
...#...####@#..............#
...........b.####.....#......
.....######.## ##.##........
..... #... ###.###....##.
.... #.#.....)......#### ...
..#######.#....÷.# >.. ###
#.#..###.## #.#..# #..#
#.#..# ##..


You could see a bat.

Vanquished Creatures
  An adder (D:2)
  2 worms (D:2)
  4 bats (D:1)
  3 giant cockroaches (D:2)
  4 hobgoblins
  2 kobolds (D:1)
  A ball python (D:1)
  2 giant geckos
  5 giant newts
  5 goblins
  6 rats
35 creatures vanquished.

Notes
Turn   | Place    | Note
--------------------------------------------------------------
     0 | D:1      | fotsohgehT the Tengu Fire Elementalist began the quest for the Orb.
     0 | D:1      | Reached XP level 1. HP: 10/10 MP: 4/4
   116 | D:1      | Reached XP level 2. HP: 13/15 MP: 0/6
   878 | D:2      | Found a shattered altar of Ashenzari.
  1008 | D:2      | Reached XP level 3. HP: 19/19 MP: 0/7
  1596 | D:2      | Slain by a bat

Action                   || total
-------------------------++-------
Melee: Unarmed           ||     7
       Dagger            ||     5
 Cast: Flame Tongue      ||    81
  Eat: Chunk             ||     2
